 Dungeon Crawl Stone Soup version 0.27.1-3-gb3d3a73c9e (webtiles) character file.

Game seed: 17118985873245354287

17 UberPyro the Ducker (level 2, 0/24 HPs)
             Began as a Spriggan Berserker on Oct 22, 2021.
             Was a Follower of Trog.
             Succumbed to a goblin's poison
             ... on level 2 of the Dungeon.
             The game lasted 00:02:48 (1786 turns).

UberPyro the Ducker (Spriggan Berserker)            Turns: 1786, Time: 00:02:49

Health: 0/24       AC:  2    Str: 12 (13) XL:     2   Next: 44%
Magic:  3/3        EV: 17    Int:  7 (8)  God:    Trog [*.....]
Gold:   61         SH:  0    Dex: 11 (14) Spells: 1/1 levels left

rFire    . . .     SeeInvis +   a - +0 short sword
rCold    . . .     Faith    .   (shield restricted)
rNeg     . . .     Spirit   .   b - +0 animal skin
rPois    .         Reflect  .   (helmet restricted)
rElec    .         Harm     .   (no cloak)
rCorr    .         Rampage  .   (gloves unavailable)
Will     .....                  (boots unavailable)
Stlth    ..........             (no amulet)
HPRegen  0.08/turn              (no ring)
MPRegen  0.08/turn              (no ring)

@: berserking, lethally poisoned (0 -> -1), very slightly contaminated,
invisible, very quick
A: very small, no large weapons, unfitting armour, see invisible, speed 3
a: Renounce Religion, Berserk


You were on level 2 of the Dungeon.
You worshipped Trog.
Trog was aware of your devotion.
You visited 1 branch of the dungeon, and saw 2 of its levels.

You collected 61 gold pieces.

Inventory:

Hand Weapons
 a - a +0 short sword (weapon)
Armour
 b - a +0 animal skin (worn)
Scrolls
 c - a scroll of identify {unknown}
 f - 2 scrolls of enchant armour {unknown}


   Skills:
 - Level 2.4 Fighting
 + Level 3.8 Short Blades
 - Level 4.0 Dodging
 + Level 2.4 Stealth


You had one spell level left.
You didn't know any spells.
Your spell library contained the following spells:

 Spells                   Type           Power      Damage    Failure   Level
 Animate Skeleton         Necr           0%         N/A       43%         1
 Apportation              Tloc           0%         N/A       43%         1
 Corona                   Hex            0%         N/A       43%         1
 Summon Small Mammal      Summ           0%         N/A       43%         1
 Blink                    Tloc           N/A        N/A       56%         2
 Lesser Beckoning         Tloc           0%         N/A       80%         3
 Manifold Assault         Tloc           0%         N/A       100%        5


Dungeon Overview and Level Annotations

Branches:
Dungeon (2/15)

Altars:

Annotations:
D:2 Sigmund


Innate Abilities, Weirdness & Mutations

You are very small and have problems with some larger weapons.
You are too small for most types of armour.
You have supernaturally acute eyesight. (SInv)
You cover ground extremely quickly. (Speed+++)


Message History

There is a stone staircase leading up here.
A dart slug comes into view.
The dart slug moves out of view.
There are monsters nearby!
You barely miss the goblin. The goblin barely misses you.
You miss the goblin. The goblin hits you but does no damage.
You are poisoned.
You barely miss the goblin.
You feel sick. The goblin hits you but does no damage.
You are more poisoned.
You barely miss the quokka.
You feel very sick. The quokka misses you.
The goblin hits you with a +1 dagger of venom.
The quokka closely misses you.
You feel sick.
You feel sick.
You feel sick.
You feel sick.
* * * LOW HITPOINT WARNING * * *
You feel sick.
* * * LOW HITPOINT WARNING * * *
You feel sick.
It was a potion of degeneration.
There was something very wrong with that liquid.
You feel weakened.
You feel dopey.
You feel clumsy.
* * * LOW HITPOINT WARNING * * *
You feel sick.
It was a potion of invisibility.
You fade into invisibility!
* * * LOW HITPOINT WARNING * * *
You feel sick.
You are very lightly contaminated with residual magic.
A red film seems to cover your vision as you go berserk!
You feel yourself moving faster!
You feel mighty!
* * * LOW HITPOINT WARNING * * *
You feel sick. The quokka barely misses you. The quokka closely misses you.
You barely miss the quokka. You closely miss the quokka.
You die...

####.(#..)##.#..# .#####
#.....#.#.......##..w...
###.##..............####
.......#...###.r#.#....##.
......>.#......g..........
.......r..#..####.####.##.
.........###..##g.# #
.........# ##..#r#####
........## ##...@#..<##
...#...## ##..........##
######## #............# #
#............#
#............#
##..........##
##...##...## ##########


You could see a quokka and a goblin.

Vanquished Creatures
  A worm (D:2)
  2 ball pythons
  2 endoplasms
  3 hobgoblins
  2 kobolds (D:2)
  A bat (D:1)
  A frilled lizard (D:1)
  A goblin (D:1)
  A rat (D:1)
14 creatures vanquished.

Notes
Turn   | Place    | Note
-------+----------+-------------------------------------------
     0 | D:1      | UberPyro the Spriggan Berserker began the quest for the
                  | Orb.
     0 | D:1      | Reached XP level 1. HP: 11/11 MP: 2/2
   423 | D:1      | Found a faded altar of an unknown god.
   433 | D:1      | Reached skill level 1 in Stealth
  1092 | D:2      | Noticed Sigmund
  1094 | D:2      | Reached XP level 2. HP: 16/16 MP: 3/3
  1784 | D:2      | HP: 1/24 [poisoned by a goblin]
  1786 | D:2      | Succumbed to a goblin's poison

Illustrated notes

Levels and vault maps discovered:
D:1:      dpeg_arrival_boxorama, layout_basic,
          shapermc_ecumenical_altar_starsandcircs
D:2:      layout_rooms, uniq_sigmund, uniq_jessica

Skill      XL: |  1  2 |
---------------+-------+-----
Stealth        | 1 2 |  2.4
Fighting       | |  2.4
Short Blades   | |  3.8
Dodging        | |  4.0

Action                   || total
-------------------------++-------
Melee: Short sword       ||    56
Invok: Berserk           ||     1
  Use: Potion            ||     3
 Stab: Sleeping          ||     2
Armor: Animal skin       ||     5
Dodge: Dodged            ||    36
